 Dungeon Crawl Stone Soup version 0.20-a0-1078-g4874019 (webtiles) character file.

41 Gracefully the Skirmisher (level 3, -3/29 HPs)
             Began as a Demonspawn Abyssal Knight on May 1, 2017.
             Was a Follower of Lugonu.
             Slain by a gnoll
             ... wielding a +0 halberd of protection
              (9 damage)
             ... on level 2 of the Dungeon.
             The game lasted 00:03:56 (1118 turns).

Gracefully the Skirmisher (DsAK)                    Turns: 1118, Time: 00:03:56

Health: -3/29      AC:  8    Str: 13    XL:     3   Next: 32%
Magic:  4/4        EV: 11    Int: 13    God:    Lugonu [*.....]
Gold:   92         SH:  0    Dex: 12    Spells: 2/2 levels left

rFire    . . .     SeeInvis .   a - +1 spear
rCold    . . .     Gourm    .   (no shield)
rNeg     . . .     Faith    .   b - +0 leather armour
rPois    .         Spirit   .   (helmet restricted)
rElec    .         Reflect  .   (no cloak)
rCorr    .         Harm     .   (no gloves)
MR       .....                  n - +2 pair of boots {Fly}
Stlth    ++........             (no amulet)
Regen    0.1/turn               e - ring of stealth
MPRegen  0.1/turn               (no ring)

@: flying
A: horns 1, molten scales 1
a: Depart the Abyss, Renounce Religion


You were on level 2 of the Dungeon.
You worshipped Lugonu.
Lugonu was aware of your devotion.
You were hungry.

You visited 1 branch of the dungeon, and saw 2 of its levels.
You visited the Abyss 1 time.

You collected 92 gold pieces.

Inventory:

Hand Weapons
 a - a +1 spear (weapon)
 m - a +0 fustibalus
Missiles
 h - 62 stones (quivered)
Armour
 b - a +0 leather armour (worn)
 n - a +2 pair of boots of flying (worn)
Jewellery
 e - a ring of stealth (left hand)
Scrolls
 d - 3 scrolls of remove curse {unknown}
 f - a scroll of blinking {unknown}
 g - 2 scrolls of identify {unknown}
 k - a scroll of enchant armour {unknown}
 l - 3 scrolls of magic mapping {unknown}
Potions
 i - 2 potions of invisibility {unknown}
 o - a potion of cancellation {unknown}
Comestibles
 c - 5 bread rations
 p - a royal jelly


   Skills:
 - Level 3.5 Fighting
 + Level 2.7 Polearms
 - Level 1.9 Armour
 - Level 0.8 Dodging
 - Level 0.2 Stealth
 - Level 2.6 Invocations


You had 2 spell levels left.
You didn't know any spells.

Dungeon Overview and Level Annotations

Branches:
Dungeon (2/15)

Altars:
Cheibriados
Kikubaaqudgha
Wu Jian
Yredelemnul
Zin
The Shining One


Innate Abilities, Weirdness & Mutations

You have a pair of small horns on your head.
You are partially covered in molten scales. (AC +2)


Message History

Press: ? - help, Dir - move target cursor, f/p - gnoll
Aim: a gnoll, wielding a halberd of protection (moderately wounded)
You reach to attack!
You hit the gnoll but do no damage.
The gnoll is moderately wounded.
The gnoll closely misses you.
Attack whom?
Press: ? - help, Dir - move target cursor, f/p - gnoll
Aim: a gnoll, wielding a halberd of protection (moderately wounded)
You reach to attack!
You hit the gnoll but do no damage.
The gnoll is moderately wounded.
The gnoll hits you from afar with a halberd of protection!
Ouch! That really hurt!
* * * LOW HITPOINT WARNING * * *
You are too injured to fight recklessly!
It was a potion of flight.
You feel more buoyant. The gnoll misses you. The gnoll barely misses you.
The gnoll hits you from afar with a halberd of protection!
You die...

... #.# #(# #)# ### #####.##.##†#
... .........#.g# ..#.
#.†........g# ####### #
#.##.####.####.#######.....# #
#....##.....##@##......###.#
###..#.#.......#.##.#....# #.#
#♣.....#.......#..#.#.##.###.####
#.#........_..........##.........
. #....#.......#..#.####.########
.##....#.......#..#.####.# #
.......##.....##..#......# ####
###....####.####..######## #...
#..[............# ##### #.##


You could see 2 gnolls.

Vanquished Creatures
  A gnoll (D:2)
  An ooze (D:1)
  A leopard gecko (D:1)
  A giant cockroach (D:1)
  4 goblins
  2 hobgoblins
  4 jackals
  A kobold (D:1)
  A bat (D:1)
  6 frilled lizards
  4 rats
26 creatures vanquished.

Notes
Turn   | Place    | Note
-------+----------+-------------------------------------------
     0 | Abyss:1  | Gracefully the Demonspawn Abyssal Knight began the quest for the Orb.
     0 | Abyss:1  | Reached XP level 1. HP: 18/18 MP: 2/2
    35 | Abyss:1  | Noticed a starcursed mass
    36 | Abyss:1  | Noticed a ynoxinul
    37 | D:1      | Escaped the Abyss
   193 | D:1      | Reached * piety under Lugonu
   351 | D:1      | Gained mutation: You have a pair of small horns on your head. [demonic ancestry]
   351 | D:1      | Reached XP level 2. HP: 22/24 MP: 3/3
   860 | D:2      | Found an ornate altar of the Wu Jian Council.
   860 | D:2      | Found a glowing silver altar of Zin.
   861 | D:2      | Found a snail-covered altar of Cheibriados.
   882 | D:2      | Found an ancient bone altar of Kikubaaqudgha.
   962 | D:2      | Gained mutation: You are partially covered in molten scales. (AC +2) [demonic ancestry]
   962 | D:2      | Reached XP level 3. HP: 28/29 MP: 4/4
   965 | D:2      | Found a basalt altar of Yredelemnul.
  1001 | D:2      | Found a glowing golden altar of the Shining One.
  1118 | D:2      | Slain by a gnoll

Vault maps used:
D:1:      wheals_arrival_linesprint
D:2:      lemuel_crystal_altar, lemuel_round_altar, old_standard_altar,
          nicolae_overflow_quartered_altars, first_bread,
          chequers_ecumenical_altar_twisty

Skill      XL: |  1  2 |
---------------+-------+-----
Polearms       | 2 |  2.7
Fighting       | |  3.5
Armour         | |  1.9
Dodging        | |  0.8
Stealth        | |  0.2
Invocations    | |  2.6

Action                   || total
-------------------------++-------
Melee: Spear             ||    66
       Headbutt          ||     3
Throw: Stone             ||    39
Invok: Depart the Abyss  ||     1
  Use: Potion            ||     1
 Stab: Sleeping          ||     2
Armor: Leather armour    ||     9
Dodge: Dodged            ||    22
